Selects Australian Defense Battlegroup
Selects Australian Light Infantry Section
Australian Light Infantry Section
Construct Section Command Post
Selects 2-pounder Anti-tank Gun Team
2-pounder Anti-tank Gun Team
Construct Platoon Command Post
Unlock M3 Stuart Light Tanks
Construct Field Infirmary
Selects CMP 15cwt Supply Run
6-pounder Anti-tank Gun Team
Unlock Bishop Self-propelled Artillery
Construct Company Command Post
Selects Reinforced Resource Caches
Selects Artillery Trip Wire Flares
Selects Archer Tank Destroyer
Australian Light Infantry Section
Selects Vehicle Over Repair
Australian Light Infantry Section